 Dungeon Crawl Stone Soup version 0.31.0-9-g3a7656b989 (webtiles) character file.

Game seed: 13761985885266360712

891 Peloso the Slasher (level 7, 0/61 HPs)
             Began as a Minotaur Fighter on Jan 25, 2024.
             Incinerated by a bombardier beetle (4 damage)
             ... with a burning spray
             ... on level 5 of the Dungeon.
             The game lasted 00:13:07 (3988 turns).

Peloso the Slasher (Minotaur Fighter)               Turns: 3988, Time: 00:13:08

Health: 0/61       AC: 11    Str: 21    XL:     7   Next: 78%
Magic:  6/6        EV:  7    Int:  5    God:
Gold:   316        SH:  9    Dex: 11    Spells: 6/6 levels left

rFire   . . .        a - +0 long sword
rCold   . . .        d - +0 kite shield
rNeg    . . .        w - +0 chain mail
rPois   .            (helmet restricted)
rElec   .            (no cloak)
rCorr   .            (no gloves)
SInv    .            t - +0 pair of boots
Will    .....        (no amulet) Stlth
                     (no ring)
HPRegen 0.30/turn    (no ring)
MPRegen 0.10/turn

%: no passive effects
@: on fire, glowing
A: horns 2, retaliatory headbutt
a: no special abilities


You were on level 5 of the Dungeon.
You visited 1 branch of the dungeon, and saw 5 of its levels.

You collected 316 gold pieces.

Inventory:

Hand Weapons
 a - a +0 long sword (weapon)
Armour
 b - a +0 scale mail
 c - a +0 buckler
 d - a +0 kite shield (worn)
 t - a +0 pair of boots (worn)
 w - a +0 chain mail (worn)
Jewellery
 u - a ring of positive energy
 v - an amulet of faith
 y - a +6 ring of dexterity
Talismans
 x - a serpent talisman
Wands
 q - a wand of polymorph (1)
Scrolls
 e - a scroll of enchant armour {unknown}
 g - a scroll of silence {unknown}
 h - a scroll of enchant weapon {unknown}
 j - 2 scrolls of teleportation
 m - a scroll of amnesia {unknown}
 n - 4 scrolls of identify {unknown}
 o - a scroll of blinking {unknown}
Potions
 i - a potion of attraction {unknown}
 k - a potion of degeneration {unknown}
 l - a potion of curing {unknown}
 p - a potion of might
 r - a potion of heal wounds {unknown}
 s - a potion of brilliance {unknown}


   Skills:
 + Level 5.4 Fighting
 + Level 6.8 Long Blades
 + Level 6.6 Armour
 + Level 1.7 Dodging
 + Level 0.7 Stealth
 + Level 5.3 Shields


You had 6 spell levels left.
You didn't know any spells.
Your spell library was empty.

Dungeon Overview and Level Annotations

Branches:
Dungeon (5/15)
 Temple: D:4-7

Altars:

Shops:
D:1 =   D:4 (


Innate Abilities, Weirdness & Mutations

You have a pair of horns on your head.
You reflexively headbutt those who attack you in melee.


Message History

You hit the water moccasin but do no damage.
Your headbutt misses the water moccasin.
The liquid fire burns you!
The water moccasin bites you but does no damage.
You closely miss the water moccasin.
Your headbutt misses the water moccasin.
The liquid fire burns you!
The water moccasin bites you but does no damage.
You block the water moccasin's attack.
You closely miss the water moccasin. The liquid fire burns you!
You block the water moccasin's attack. x2
You slash the water moccasin!
Your headbutt misses the water moccasin.
The water moccasin is moderately wounded.
The liquid fire burns you!
* * * LOW HITPOINT WARNING * * *
The water moccasin bites you.
* * * LOW HITPOINT WARNING * * *
You block the water moccasin's attack.
You slash the water moccasin!
Your headbutt misses the water moccasin.
The water moccasin is severely wounded.
The liquid fire burns you!
* * * LOW HITPOINT WARNING * * *
You block the water moccasin's attack.
Unknown command.
Unknown command.
You miss the water moccasin.
Your headbutt misses the water moccasin.
The water moccasin is severely wounded.
The liquid fire burns you!
* * * LOW HITPOINT WARNING * * *
The water moccasin bites you.
* * * LOW HITPOINT WARNING * * *
The water moccasin bites you but does no damage.
Unknown command.
It was a potion of magic.
Magic courses through your body. The liquid fire burns you!
You die...

#.# #.# #.#
### #.# #..
#.# #.# #.#
#.# #.# #.#
#)# #S# #.#
#@# #.# #.#
#.# #.#
##.#######'##
#........†..#
##.####†....#
#.# #.....#
#.# #.....#
#.# #.)$..#


You could see a water moccasin.

Vanquished Creatures
  Grinder (D:3)
  A water moccasin (D:5)
  A black bear (D:4)
  An ice beast (D:4)
  A scorpion (D:5)
  A bombardier beetle (D:5)
  A howler monkey (D:5)
  2 hounds
  Jessica (D:3)
  An iguana (D:5)
  11 adders
  A ribbon worm (D:2)
  2 dart slugs (D:1)
  2 orcs
  7 ball pythons
  6 endoplasms
  A giant cockroach (D:3)
  4 goblins
  8 hobgoblins
  4 jackals (D:1)
  6 quokkas
  8 bats
  3 frilled lizards
  10 kobolds
  4 rats
88 creatures vanquished.

Notes
Turn   | Place    | Note
-------+----------+-------------------------------------------
     0 | D:1      | Peloso the Minotaur Fighter began the quest for the Orb.
     0 | D:1      | Reached XP level 1. HP: 19/19 MP: 0/0
    98 | D:1      | Reached XP level 2. HP: 16/27 MP: 1/1
   458 | D:1      | Reached XP level 3. HP: 33/33 MP: 2/2
   563 | D:1      | Found Ocagif's Jewellery Emporium.
   981 | D:2      | Reached XP level 4. HP: 27/40 MP: 3/3
  1603 | D:3      | Found a faded altar of an unknown god.
  1851 | D:3      | Noticed Jessica
  1860 | D:3      | Killed Jessica
  2128 | D:3      | Reached XP level 5. HP: 44/47 MP: 4/4
  2194 | D:3      | Noticed Grinder
  2210 | D:3      | Killed Grinder
  2211 | D:3      | Reached skill level 5 in Long Blades
  2211 | D:3      | Reached skill level 5 in Armour
  2211 | D:3      | Reached skill level 1 in Dodging
  2211 | D:3      | Reached XP level 6. HP: 52/55 MP: 5/5
  2361 | D:4      | Found Utihaul's Antique Weapon Shoppe.
  2885 | D:4      | Reached skill level 5 in Fighting
  3522 | D:5      | Entered Level 5 of the Dungeon
  3535 | D:5      | Noticed an ice beast
  3555 | D:4      | Killed an ice beast
  3556 | D:4      | Reached skill level 5 in Shields
  3556 | D:4      | Reached XP level 7. HP: 53/61 MP: 6/6
  3988 | D:5      | Incinerated by a bombardier beetle

Illustrated notes

Levels and vault maps discovered:
D:1:      wander_arrival_fairy_ring, layout_basic, serial_shops, shop,
          serial_rivers, chequers_serial_rivers_micro_a,
          chequers_serial_rivers_small_b, chequers_serial_rivers_micro_c,
          chequers_serial_rivers_micro_b, minmay_close_crescents
D:2:      layout_rooms, minmay_misc_feat_diagonals
D:3:      layout_basic, shapermc_ecumenical_altar_ellora, hex_intersection,
          roderic_nine_men_s_morris, minmay_randomly_rotated_circles,
          uniq_jessica, uniq_grinder
D:4:      layout_basic, nicolae_stop_n_shop_1
D:5:      layout_basic, kennysheep_nondescript, grunt_ministairs_5,
          dreamdust_gnoll_farm

Skill      XL: |  1  2  3  4  5  6  7 |
---------------+----------------------+-----
Armour         | 4 5 6 |  6.6
Fighting       | 4 5 |  5.4
Shields        | 4 5 |  5.3
Long Blades    | 3 4 5 6 |  6.8
Dodging        | 1 |  1.7
Stealth        | |  0.7

Action                     |  1- 3 |  4- 6 |  7- 9 || total
---------------------------+-------+-------+-------++-------
  Melee: Long sword        |    69 |   111 |    60 ||   240
         Headbutt          |    11 |    15 |     7 ||    33
    Use: Scroll            |       |     1 |       ||     1
         Potion            |       |     1 |     1 ||     2
 Armour: Scale mail        |    49 |    97 |       ||   146
         Chain mail        |       |     5 |    51 ||    56
  Dodge: Dodged            |    27 |    55 |    10 ||    92
  Block: Buckler           |    15 |     7 |       ||    22
         Kite shield       |       |    46 |    34 ||    80
